 Dungeon Crawl Stone Soup version 0.31.0-12-g77e489cdc1 (webtiles) character file.

Game seed: 12237523135231981284

5358 spaghetti the Warrior (level 10, -23/116 HPs)
             Began as a Naga Chaos Knight on Mar 6, 2024.
             Was a Plaything of Xom.
             Annihilated by a two-headed ogre
             ... wielding a +0 giant spiked club
              (28 damage)
             ... on level 9 of the Dungeon.
             The game lasted 00:15:02 (8488 turns).

spaghetti the Warrior (Naga Chaos Knight)           Turns: 8488, Time: 00:15:02

Health: -23/116    AC:  9    Str: 15    XL:     10   Next: 65%
Magic:  11/11      EV:  9    Int: 24    God:    Xom [..*...]
Gold:   289        SH:  0    Dex:  9    Spells: 9/9 levels left

rFire   + . .        I - +1 whip (venom)
rCold   . . .        (no shield)
rNeg    . . .        J - +0 acid dragon scales
rPois   +            p - +0 helmet
rElec   .            (no cloak)
rCorr   +            (no gloves)
SInv    +            (no barding)
Will    +....        F - amulet of faith
Stlth   +            m - ring of protection from fire
HPRegen 0.39/turn    c - +6 ring of intelligence
MPRegen 0.12/turn

%: faith
@: very slow
A: AC +3, large, see invisible, deformed body, poison resistance, slowness 2,
spit poison 1, naga tail 1, stinger 1, iridescent scales 1, clever 1, high MP 1,
weak 1, inability to drink after injury 1
a: Spit Poison, Renounce Religion


You were on level 9 of the Dungeon.
You worshipped Xom.
You were a toy of Xom.
You visited 1 branch of the dungeon, and saw 10 of its levels.
You also visited: Sewer.

You collected 574 gold pieces.
You spent 285 gold pieces at shops.

Inventory:

Hand Weapons
 a - a +0 spear of chaos
 o - a +3 flail of protection
 x - a +2 great sword of holy wrath
 H - a +4 great sword of freezing
 I - a +1 whip of venom (weapon)
Missiles
 h - 48 poisoned darts
 j - 6 javelins
 v - 3 curare-tipped darts
Armour
 b - a +2 leather armour
 p - a +0 helmet (worn)
 J - +0 acid dragon scales (worn)
Magical Staves
 e - the staff "Poetuof" {rF++ rC+ rCorr Str-3 Tloc Ice}
   (You found it on level 2 of the Dungeon)

   [staff of cold]

   Base accuracy: +5 Base damage: 5 Base attack delay: 1.2 This weapon's minimum
   attack delay (0.6) is reached at skill level 12.
   Str-3:     It affects your strength (-3).
   rF++:      It greatly protects you from fire.
   rC+:       It protects you from cold.
   rCorr:     It protects you from acid and corrosion.
   Tloc:      It increases the power of your Translocations spells.
   Ice:       It increases the power of your Ice spells.
   It falls into the 'Staves' category.
   It is a one-handed weapon.
 t - a staff of cold
 u - a staff of air
Jewellery
 c - a +6 ring of intelligence (right hand)
 m - a ring of protection from fire (left hand)
 F - an amulet of faith (around neck)
 G - a ring of positive energy
Wands
 l - a wand of acid (13)
 n - a wand of flame (8)
 w - a wand of paralysis (11)
Scrolls
 g - 2 scrolls of enchant weapon
 k - a scroll of poison
 r - a scroll of vulnerability
 s - a scroll of brand weapon
 y - 2 scrolls of identify
Potions
 d - 2 potions of curing
 f - 2 potions of enlightenment
 i - 2 potions of experience
 q - a potion of degeneration {unknown}
 z - a potion of magic
 A - 2 potions of mutation {unknown}
 B - a potion of haste {unknown}
 C - 2 potions of might {unknown}
 D - a potion of heal wounds {unknown}
 E - a potion of attraction {unknown}


   Skills:
 + Level 15.5 Fighting
 - Level 3.0 Polearms
 - Level 1.5 Armour
 - Level 0.7 Dodging


You had 9 spell levels left.
You didn't know any spells.
Your spell library contained the following spells:

 Spells                   Type           Power      Damage    Failure   Level
 Gell's Gravitas          Tloc           0%         N/A       52%         3
 Teleport Other           Tloc           0%         N/A       52%         3
 Dispersal                Tloc           0%         N/A       100%        6


Dungeon Overview and Level Annotations

Branches:
Dungeon (10/15)            Temple (0/1) D:5           Sewer (visited)
   Lair: D:8-11         Orc: D:9-12

Altars:
The Shining One

Shops:
D:10 *

Annotations:
D:7 Jeremiah


Innate Abilities, Weirdness & Mutations

Your serpentine skin is tough. (AC +3)
You have supernaturally acute eyesight. (SInv)
Armour fits poorly on your strangely shaped body.
Your system is resistant to poisons. (rPois)
You cover ground very slowly.
You can spit poison.
You have a snake-like lower body.
Your tail ends in a venomous barb.
You are partially covered in iridescent scales. (AC +2)
Your mind is acute. (Int +4, Str/Dex -1)
You have an increased reservoir of magic. (+10% MP)
You are weak. (Str -2)
You occasionally lose the ability to drink potions when taking damage.


Message History

The two-headed ogre easily resists.
The two-headed ogre closely misses you. The two-headed ogre barely misses you.
Aiming: Paralyse
Press: ? - help, Shift-Dir - straight line, f/p - two-headed ogre
Aim: a two-headed ogre, wielding two +0 giant spiked clubs (chance to affect: 31%)
The two-headed ogre easily resists.
The two-headed ogre hits you with a +0 giant spiked club! x2
Aiming: Paralyse
Press: ? - help, Shift-Dir - straight line, f/p - two-headed ogre
Aim: a two-headed ogre, wielding two +0 giant spiked clubs (chance to affect: 31%)
The two-headed ogre easily resists.
Aiming: Paralyse
Press: ? - help, Shift-Dir - straight line, f/p - two-headed ogre
Aim: a two-headed ogre, wielding two +0 giant spiked clubs (chance to affect: 31%)
The two-headed ogre easily resists.
The two-headed ogre barely misses you.
The two-headed ogre hits you with a +0 giant spiked club!!
Aiming: Paralyse
Press: ? - help, Shift-Dir - straight line, f/p - two-headed ogre
Aim: a two-headed ogre, wielding two +0 giant spiked clubs (chance to affect: 31%)
The two-headed ogre easily resists.
The two-headed ogre hits you with a +0 giant spiked club! x2
* * * LOW HITPOINT WARNING * * *
Okay, then.
Aiming: Paralyse
Press: ? - help, Shift-Dir - straight line, f/p - two-headed ogre
Aim: a two-headed ogre, wielding two +0 giant spiked clubs (chance to affect: 31%)
The two-headed ogre easily resists.
Unknown command.
Unknown command.
Unknown command.
Unknown command.
Aiming: Paralyse
Press: ? - help, Shift-Dir - straight line, f/p - two-headed ogre
Aim: a two-headed ogre, wielding two +0 giant spiked clubs (chance to affect: 31%)
The two-headed ogre easily resists.
The two-headed ogre hits you with a +0 giant spiked club!!
* * * LOW HITPOINT WARNING * * *
The two-headed ogre hits you with a +0 giant spiked club!!
You die...
Xom laughs nastily!

.#.#... ..#...##### .
#.#.......# .
#.........# .
####.........# )
.............# .
.......##....######. .
.......@Oc........#.###.
.......###.#......#.....
....... #÷#......#.....
####... #.#......+.....
#### #÷##.....##....
#.#####.Y###..# #.#
#.YY§...# #.# #######.#
#.# #.#


You could see a two-headed ogre and a centaur (poisoned).

Vanquished Creatures
  A two-headed ogre (D:8)
  A tarantella (Sewer)
  4 yaks (D:9)
  3 steam dragons
  A swamp worm (D:9)
  An acid dragon (D:8)
  2 sky beasts
  A black bear (D:4)
  An ogre (D:5)
  2 centaurs
  A bullfrog (D:7)
  7 kobold brigands
  3 scorpions
  8 wights
  3 killer bees
  A bombardier beetle (D:2)
  2 gnoll boudas
  2 orc priests (D:7)
  3 hounds
  Ijyb (D:4)
  A sleepcap (D:5)
  4 iguanas
  7 orc wizards (D:8)
  9 gnolls
  7 adders
  4 shadow imps
  2 ufetubi (D:6)
  3 ribbon worms (D:2)
  2 dart slugs
  12 orcs
  11 ball pythons
  7 endoplasms
  5 giant cockroaches
  8 goblins
  14 hobgoblins
  3 jackals (D:5)
  22 kobolds
  6 quokkas
  5 bats
  6 frilled lizards
  10 rats
196 creatures vanquished.

Vanquished Creatures (collateral kills)
  Erica (D:8)
  A water moccasin (D:6)
  An orc priest (D:8)
  A sleepcap (D:6)
  2 orc wizards
  2 kobolds (D:7)
8 creatures vanquished.

Vanquished Creatures (others)
  An iguana (D:6)
1 creature vanquished.

Grand Total: 205 creatures vanquished

Notes
Turn   | Place    | Note
-------+----------+-------------------------------------------
     0 | D:1      | spaghetti the Naga Chaos Knight began the quest for the
                  | Orb.
     0 | D:1      | Reached XP level 1. HP: 21/21 MP: 1/1
     5 | D:1      | XOM: silly message
     9 | D:1      | XOM: silly message
    72 | D:1      | Reached XP level 2. HP: 28/28 MP: 2/2
   120 | D:1      | XOM: silly message
   266 | D:1      | XOM: 3-stop teleportation journey
   385 | D:1      | Reached skill level 4 in Fighting
   489 | D:2      | Reached XP level 3. HP: 26/36 MP: 3/3
   727 | D:2      | Identified the staff "Poetuof" {rF++ rC+ rCorr Str-3 Tloc
                  | Ice}
   752 | D:2      | Reached skill level 5 in Fighting
   752 | D:2      | Reached XP level 4. HP: 46/46 MP: 4/4
  1038 | D:2      | XOM: god gift: 50 gold pieces
  1511 | D:3      | Reached XP level 5. HP: 51/52 MP: 5/5
  1550 | D:3      | Found a faded altar of an unknown god.
  1697 | D:3      | XOM: cleaving
  1865 | D:3      | XOM: divination: detect items
  1945 | D:4      | Noticed Ijyb
  1958 | D:4      | Killed Ijyb
  2080 | D:4      | Reached skill level 6 in Fighting
  2205 | D:4      | Reached XP level 6. HP: 63/63 MP: 6/6
  2232 | D:4      | Noticed a black bear
  2238 | D:4      | Killed a black bear
  2239 | D:4      | Reached skill level 7 in Fighting
  2944 | D:5      | Entered Level 5 of the Dungeon
  2980 | D:5      | Reached skill level 8 in Fighting
  2980 | D:5      | Reached XP level 7. HP: 57/74 MP: 7/7
  3036 | D:5      | XOM: god gift: 44 gold pieces
  3071 | D:5      | XOM: polymorph centaur -> adder
  3213 | D:5      | Found a glowing golden altar of the Shining One.
  3353 | D:5      | XOM: give mutations
  3353 | D:5      | Gained mutation: Your muscles are strong. (Str +4, Int/Dex
                  | -1) [Xom's grace]
  3353 | D:5      | Gained mutation: You are robust. (+10% HP) [Xom's grace]
  3353 | D:5      | Gained mutation: Your mind is acute. (Int +4, Str/Dex -1)
                  | [Xom's grace]
  3404 | D:5      | Found a staircase to the Ecumenical Temple.
  3978 | D:6      | Noticed Edmund
  3980 | D:6      | Edmund changed into Edmund the steam dragon
  3980 | D:6      | Noticed Edmund
  3983 | D:6      | XOM: enchant monster (good)
  4012 | D:6      | Killed Edmund the steam dragon
  4013 | D:6      | Reached skill level 9 in Fighting
  4070 | D:6      | Reached XP level 8. HP: 84/93 MP: 8/8
  4080 | D:6      | XOM: 1-stop teleportation journey
  4161 | D:6      | XOM: 1-stop teleportation journey
  4241 | D:6      | Found a glowing drain.
  4305 | Sewer    | Entered a sewer
  4453 | Sewer    | XOM: 3-stop teleportation journey
  4458 | Sewer    | XOM: 4-stop teleportation journey
  4484 | Sewer    | Reached skill level 10 in Fighting
  4642 | Sewer    | XOM: enchant monster (good)
  4656 | Sewer    | XOM: polymorph kobold brigand -> tarantella
  4660 | Sewer    | Killed a tarantella
  4754 | D:6      | Reached skill level 11 in Fighting
  4936 | D:6      | XOM: cast spell 'Summon Mana Viper'
  4977 | D:6      | XOM: 1-stop teleportation journey
  5046 | D:6      | Reached XP level 9. HP: 94/106 MP: 9/9
  5048 | D:6      | XOM: silly message
  5415 | D:6      | XOM: give mutations
  5415 | D:6      | Gained mutation: Your body sometimes deteriorates upon
                  | taking damage. [Xom's mischief]
  5415 | D:6      | Gained mutation: You are partially covered in iridescent
                  | scales. (AC +2) [Xom's mischief]
  5415 | D:6      | Lost mutation: Your muscles are strong. (Str +4, Int/Dex
                  | -1) [Xom's mischief]
  5563 | D:7      | XOM: noise
  5572 | D:7      | Reached skill level 12 in Fighting
  5572 | D:7      | XOM: summons 4 friendly demons
  5655 | D:7      | XOM: 4-stop teleportation journey
  5661 | D:7      | XOM: confusion (+ monsters)
  6133 | D:7      | XOM: summons 2 hostile shadow creatures
  6242 | D:7      | XOM: confusion (+ monsters)
  6248 | D:7      | XOM: cast spell 'Summon Small Mammal'
  6512 | D:8      | Reached skill level 13 in Fighting
  6585 | D:8      | XOM: 2-stop teleportation journey
  6740 | D:8      | XOM: give mutations
  6740 | D:8      | Gained mutation: Your tail ends in a venomous barb. [Xom's
                  | mischief]
  6740 | D:8      | Gained mutation: You occasionally lose the ability to read
                  | scrolls when taking damage. [Xom's mischief]
  6740 | D:8      | Gained mutation: You occasionally lose the ability to drink
                  | potions when taking damage. [Xom's mischief]
  6754 | D:8      | Noticed Erica
  6757 | D:8      | XOM: chaos cloud
  6780 | D:8      | Killed Erica
  6781 | D:8      | Reached skill level 14 in Fighting
  6781 | D:8      | Reached XP level 10. HP: 73/123 MP: 10/10
  7100 | D:8      | Noticed a two-headed ogre
  7115 | D:8      | Killed a two-headed ogre
  7208 | D:8      | XOM: summons 5 hostile demons
  7491 | D:8      | XOM: silly message
  7544 | D:8      | XOM: give mutation
  7544 | D:8      | Lost mutation: Your body sometimes deteriorates upon taking
                  | damage. [Xom's mischief]
  7590 | D:8      | XOM: noise
  7596 | D:8      | XOM: confusion
  7601 | D:8      | XOM: confuse monster(s)
  7629 | D:8      | XOM: 2-stop teleportation journey
  7765 | D:7      | Noticed Jeremiah
  7905 | D:9      | Reached skill level 15 in Fighting
  7935 | D:9      | Noticed a two-headed ogre
  7935 | D:9      | XOM: 5-stop teleportation journey
  7938 | D:10     | Entered Level 10 of the Dungeon
  7990 | D:10     | XOM: god gift: 57 gold pieces
  8063 | D:10     | XOM: give mutations
  8063 | D:10     | Gained mutation: You have an increased reservoir of magic.
                  | (+10% MP) [Xom's mischief]
  8063 | D:10     | Lost mutation: You occasionally lose the ability to read
                  | scrolls when taking damage. [Xom's mischief]
  8063 | D:10     | Gained mutation: You are weak. (Str -2) [Xom's mischief]
  8063 | D:10     | Lost mutation: You are robust. (+10% HP) [Xom's mischief]
  8115 | D:10     | Found Etziu's Assorted Antiques.
  8121 | D:10     | Bought a glowing great sword for 285 gold pieces
  8124 | D:10     | Noticed a two-headed ogre
  8138 | D:9      | XOM: polymorph yak -> swamp worm
  8144 | D:9      | XOM: summons 4 friendly demons
  8154 | D:9      | XOM: potion effect (haste)
  8201 | D:9      | XOM: silly message
  8207 | D:9      | HP: 5/115 [yak (14)]
  8209 | D:9      | XOM: potion effect (berserk rage)
  8336 | D:9      | XOM: silly message
  8395 | D:9      | XOM: silly message
  8488 | D:9      | HP: 5/116 [two-headed ogre/+0 giant spiked club (19)]
  8488 | D:9      | Annihilated by a two-headed ogre

Illustrated notes

Levels and vault maps discovered:
D:1:      grunt_arrival_lava_bath, layout_rooms
D:2:      layout_basic
D:3:      layout_loops_ring, dreamdust_ecumenical_altar_hidden_monk_grotto
D:4:      layout_basic, uniq_ijyb
D:5:      layout_rooms, tso_altar, minmay_temple_entry_antechambers,
          sigmund_army
D:6:      layout_loops_corners, mainiacjoe_sewer_entry_somewhere_in_here_2,
          uniq_edmund
D:7:      gammafunk_beogh_shrine, layout_basic, uniq_jeremiah, uniq_maurice
D:8:      layout_basic, uniq_erica
D:9:      layout_basic, amethyst_overflow_temple_binary
D:10:     layout_cave_pools, serial_shops, shop, shop, hangedman_tell_no_tales

Skill      XL: |  1  2  3  4  5  6  7  8  9 10 |
---------------+-------------------------------+-----
Fighting       | 4 5 6 8 9 11 14 15 | 15.5
Polearms       | |  3.0
Armour         | |  1.5
Dodging        | |  0.7

Action                     |  1- 3 |  4- 6 |  7- 9 | 10-12 || total
---------------------------+-------+-------+-------+-------++-------
  Melee: Spear             |    97 |   140 |   115 |       ||   352
         Flail             |       |       |   216 |    17 ||   233
         Punch             |       |       |     6 |     2 ||     8
         Whip              |       |       |    36 |   129 ||   165
         Great sword       |       |       |    12 |       ||    12
  Throw: Dart              |       |       |       |     4 ||     4
Ability: Spit Poison       |    14 |    28 |    39 |    17 ||    98
  Evoke: Wand              |       |       |       |     8 ||     8
    Use: Scroll            |     6 |     6 |     5 |     2 ||    19
         Potion            |       |       |     2 |     3 ||     5
   Stab: Confused          |       |     1 |     3 |       ||     4
         Petrified         |       |     3 |       |       ||     3
         Petrifying        |       |     1 |       |       ||     1
         Held in net/web   |       |     1 |       |       ||     1
         Invisible         |       |       |     1 |       ||     1
 Armour: Leather armour    |    63 |    66 |   479 |    13 ||   621
         Skin              |       |       |    44 |       ||    44
         Acid dragon scale |       |       |       |   164 ||   164
  Dodge: Dodged            |    40 |    48 |   246 |   100 ||   434
